 Dungeon Sprint DCSS version 0.22-a0-355-g201945f (webtiles) character file.

183 emperorscorpion the Quickloader (level 5, -1/47 HPs)
             Began as a Minotaur Hunter on Apr 17, 2018.
             Slain by a sky beast (5 damage)
             ... in the Dungeon (Sprint IX: "|||||||||||||||||||||||||||||").
             The game lasted 00:00:56 (302 turns).

emperorscorpion the Quickloader (Minotaur Hunter)    Turns: 302, Time: 00:00:56

Health: -1/47      AC:  3    Str: 16    XL:     5   Next: 35%
Magic:  4/4        EV: 13    Int:  8    God:
Gold:   0          SH:  0    Dex: 12    Spells: 4/4 levels left

rFire    . . .     SeeInvis .   b - +0 short sword
rCold    . . .     Gourm    .   (no shield)
rNeg     . . .     Faith    .   c - +0 leather armour
rPois    .         Spirit   .   (helmet restricted)
rElec    .         Reflect  .   (no cloak)
rCorr    .         Harm     .   (no gloves)
MR       .....     NoTele   +   (no boots)
Stlth    +.........             (no amulet)
HPRegen  0.15/turn              (no ring)
MPRegen  0.09/turn              (no ring)

@: berserk cooldown, hasted and slowed
A: retaliatory headbutt, horns 2
a: no special abilities


You were in the Dungeon.
You were not hungry.

You visited 1 branch

Inventory:

Hand Weapons
 a - a +1 hand crossbow
 b - a +0 short sword (weapon)
Missiles
 d - 20 bolts
Armour
 c - a +0 leather armour (worn)
Scrolls
 k - a scroll of blinking
Potions
 i - 2 potions of magic
Comestibles
 f - a ration


   Skills:
 + Level 4.5 Fighting
 + Level 1.4 Short Blades
 + Level 11.1 Crossbows
 + Level 2.6 Armour
 + Level 4.3 Dodging
 + Level 1.0 Stealth


You had 4 spell levels left.
You didn't know any spells.

Dungeon Overview and Level Annotations

Branches:
Dungeon (1/1)

Altars:


Innate Abilities, Weirdness & Mutations

You reflexively headbutt those who attack you in melee.
You have a pair of horns on your head.


Message History

The sky beast is moderately wounded.
The sky beast hits you.
* * * LOW HITPOINT WARNING * * *
The sky beast shocks you.
* * * LOW HITPOINT WARNING * * *
The sky beast completely misses you. You furiously retaliate!
You headbutt the sky beast.
Okay, then.
You miss the sky beast.
The sky beast is heavily wounded.
The sky beast closely misses you.
You hit the sky beast. Your headbutt misses the sky beast.
The sky beast is heavily wounded.
The sky beast misses you.
You barely miss the sky beast. You headbutt the sky beast!
The sky beast is severely wounded.
The sky beast hits you.
* * * LOW HITPOINT WARNING * * *
The sky beast shocks you.
You die... ▓▓▓▓▓▓▓▓▓▓▓▓▓▓▓▓▓▓ +..lZY@...))'...<▓ ▓▓▓▓▓▓▓▓▓▓▓▓▓▓▓▓▓▓

You could see a sky beast, an adder zombie and a frilled lizard.

Vanquished Creatures
  A sky beast (D)
  An ogre (D)
  2 kobolds (D)
  2 goblins (D)
  A rat (D)
7 creatures vanquished.

Vanquished Creatures (others)
  A spatial maelstrom (D)
1 creature vanquished.

Grand Total: 8 creatures vanquished

Notes
Turn   | Place    | Note
-------+----------+-------------------------------------------
     0 | D        | emperorscorpion the Minotaur Hunter began the quest for the Orb.
     0 | D        | Reached XP level 1. HP: 18/18 MP: 0/0
     5 | D        | Banished a spatial maelstrom
    10 | D        | Reached skill level 5 in Crossbows
    10 | D        | Reached skill level 1 in Stealth
   269 | D        | Noticed a sky beast
   269 | D        | Noticed a sky beast
   269 | D        | Noticed an ogre
   274 | D        | Killed an ogre
   274 | D        | Reached skill level 9 in Crossbows
   274 | D        | Reached skill level 1 in Armour
   274 | D        | Reached XP level 2. HP: 27/27 MP: 1/1
   274 | D        | Reached XP level 3. HP: 33/33 MP: 2/2
   274 | D        | Reached XP level 4. HP: 40/40 MP: 3/3
   286 | D        | Killed a sky beast
   286 | D        | Reached skill level 1 in Short Blades
   286 | D        | Reached skill level 11 in Crossbows
   286 | D        | Reached XP level 5. HP: 34/47 MP: 4/4
   302 | D        | Slain by a sky beast

Vault maps used:
D:        linesprint

Skill      XL: |  1  2  3  4 |
---------------+-------------+-----
Crossbows      | 9 11 | 11.1
Stealth        | 1 |  1.0
Fighting       | 3 4 |  4.5
Armour         | 1 2 |  2.6
Dodging        | 3 4 |  4.3
Short Blades   | 1 |  1.4

Action                   |  1- 3 |  4- 6 || total
-------------------------+-------+-------++-------
Melee: Short sword       |    23 |    24 ||    47
       Headbutt          |     2 |     3 ||     5
  Use: Potion            |     1 |     3 ||     4
Armor: Leather armour    |     2 |     6 ||     8
Dodge: Dodged            |     9 |     9 ||    18

Table legend:
 A = Spawn XP
 B = Non-spawn XP
 C = Spawn XP percentage of total XP
 D = Spawn monster count
 E = Non-spawn monster count
 F = Spawn count percentage of total count
 G = Total turns spent on level
                    A         B        C        D         E        F      G
               +---------+---------+-------+---------+---------+-------+---------
         Total |       0 |     262 |   0.0 |       0 |       7 |   0.0 |   302
               +---------+---------+-------+---------+---------+-------+---------
             D |       0 |     262 |   0.0 |       0 |       7 |   0.0 |   302
               +---------+---------+-------+---------+---------+-------+---------
